 Dungeon Crawl Stone Soup version 0.29-a0-872-g797fff5ad1 (webtiles) character file.

Game seed: 152163682807593080

8733 greenreed the Basher (level 11, -9/97 HPs)
             Began as a Minotaur Fighter on July 18, 2022.
             Was a Priest of Nemelex Xobeh.
             Mangled by a boulder beetle (10 damage)
             ... on level 11 of the Dungeon.
             The game lasted 00:33:32 (13381 turns).

greenreed the Basher (Minotaur Fighter)            Turns: 13381, Time: 00:33:33

Health: -9/97      AC: 19    Str: 26    XL:     11   Next: 13%
Magic:  13/13      EV: 11    Int:  5    God:    Nemelex Xobeh [***...]
Gold:   386        SH: 10    Dex:  9    Spells: 7/10 levels left

rFire   . . .      SeeInvis .   w - -2 demon whip (protect)
rCold   . . .      Faith    .   L - +1 kite shield {reflect}
rNeg    + . .      Spirit   .   S - +0 swamp dragon scales
rPois   +          Reflect  +   P - +0 hat
rElec   .          Harm     .   H - scarf {repulsion}
rCorr   +          Rampage  .   M - +0 pair of gloves
Will    .....                   I - +0 pair of boots
Stlth   +.........              (no amulet)
HPRegen 0.26/turn               g - ring of positive energy
MPRegen 0.13/turn               n - ring of resist corrosion

@: under a protective aura, slowed, repel missiles, very slow
A: horns 2, retaliatory headbutt
a: Renounce Religion, Draw Escape, Draw Destruction, Draw Summoning, Triple Draw


You were on level 11 of the Dungeon.
You worshipped Nemelex Xobeh.
Nemelex Xobeh was most pleased with you.
You visited 2 branches of the dungeon, and saw 12 of its levels.
You also visited: Sewer.

You collected 582 gold pieces.
You spent 196 gold pieces at shops.

Inventory:

Hand Weapons
 w - a -2 demon whip of protection (weapon)
Missiles
 h - 5 curare-tipped darts (quivered)
 D - 11 poisoned darts
 E - 2 throwing nets
 Q - 5 atropa-tipped darts
Armour
 b - a +0 scale mail
 c - a +0 buckler
 e - +0 acid dragon scales
 k - a +0 leather armour of cold resistance
 p - a +0 cloak
 z - a +0 troll leather armour {Pargi}
 C - +0 steam dragon scales
 H - a scarf of repulsion (worn)
 I - a +0 pair of boots (worn)
 L - a +1 kite shield of reflection (worn)
 M - a +0 pair of gloves (worn)
 P - a +0 hat (worn)
 S - +0 swamp dragon scales (worn)
Jewellery
 g - a ring of positive energy (left hand)
 n - a ring of resist corrosion (right hand)
 u - a ring of positive energy
 T - a ring of positive energy
 U - a ring of positive energy
 V - a ring of ice
Wands
 a - a wand of charming (6)
 r - a wand of roots (21)
 v - a wand of mindburst (23)
 B - a wand of digging (12)
 R - a wand of flame (12)
Scrolls
 d - 4 scrolls of fear
 j - 4 scrolls of teleportation
 m - 7 scrolls of poison
 o - 6 scrolls of immolation
 t - 2 scrolls of enchant armour {unknown}
 y - a scroll of acquirement {unknown}
 A - a scroll of magic mapping
 F - 2 scrolls of noise {unknown}
 G - a scroll of vulnerability {unknown}
 K - 2 scrolls of fog {unknown}
 N - 2 scrolls of blinking {unknown}
 X - a scroll of silence {unknown}
Potions
 f - a potion of brilliance {unknown}
 i - 2 potions of degeneration {unknown}
 l - a potion of berserk rage {unknown}
 q - 6 potions of heal wounds
 s - 5 potions of curing
 x - a potion of mutation {unknown}
 J - a potion of lignification {unknown}
 O - a potion of magic {unknown}
 W - a potion of resistance {unknown}


   Skills:
 + Level 9.3 Fighting
 + Level 12.7 Maces & Flails
 - Level 1.3 Throwing
 + Level 9.2 Armour
 + Level 5.4 Dodging
 - Level 1.1 Stealth
 + Level 7.7 Shields
 * Level 5.0 Invocations


You had 7 spell levels left.
You knew the following spells:

 Your Spells              Type           Power      Damage    Failure   Level
a - Dazzling Flash        Conj/Hex       0%         N/A       99%         3

Your spell library contained the following spells:

 Spells                   Type           Power      Damage    Failure   Level
 Shock                    Conj/Air       0%         1d3       88%         1
 Airstrike                Air            0%         0-1+      100%        4
 Summon Lightning Spire   Summ/Air       0%         N/A       100%        4
 Agony                    Necr           0%         N/A       100%        5
 Irradiate                Conj/Tmut      0%         3d11      100%        5
 Iskenderun's Battlesphe  Conj           0%         2d6       100%        5
 Lightning Bolt           Conj/Air       0%         1d11      100%        5
 Silence                  Hex/Air        0%         N/A       100%        5
 Iron Shot                Conj/Erth      0%         9d1       100%        6
 Spellforged Servitor     Conj/Summ      0%         N/A       100%        7


Dungeon Overview and Level Annotations

Branches:
Dungeon (11/15)            Temple (1/1) D:7             Orc (0/2) D:10
  Sewer (visited)
   Lair: D:8-11

Altars:
Ashenzari
Cheibriados
Dithmenos
Elyvilon
Fedhas
Gozag
Hepliaklqana
Kikubaaqudgha
Makhleb
Nemelex Xobeh
Okawaru
Qazlal
Ru
Sif Muna
Trog
Uskayaw
Vehumet
Wu Jian
Xom
Yredelemnul
Zin
The Shining One

Shops:
D:1 [   D:4 *   D:6 *   D:8 [

Annotations:
D:3 1 runed translucent door, Crazy Yiuf


Innate Abilities, Weirdness & Mutations

You have a pair of horns on your head.
You reflexively headbutt those who attack you in melee.


Message History

The roots erupt in riotous growth!
Roots grab the boulder beetle.
The grasping roots constrict the boulder beetle.
The boulder beetle curls into a ball and begins rolling!
You completely miss the wraith.
The grasping roots constrict the boulder beetle.
The wraith hits you! The wraith drains your vigour!
You feel yourself slow down.
The boulder beetle struggles to escape constriction.
You hit the wraith. You headbutt the wraith.
The wraith is lightly damaged.
The grasping roots constrict the boulder beetle.
The roots release their grip on the boulder beetle.
The wraith hits you. The wraith drains your vigour!
You feel as though you will be slow longer.
Aiming: Fastroot
Press: ? - help, Shift-Dir - straight line, f/p - boulder beetle
Aim: a boulder beetle (almost dead, rolling)
The roots erupt in riotous growth!
Roots grab the boulder beetle.
The grasping roots constrict the boulder beetle.
The boulder beetle struggles to escape constriction. x2
You block the wraith's attack.
The boulder beetle escapes!
Aiming: Fastroot
Press: ? - help, Shift-Dir - straight line, f/p - boulder beetle
Aim: a boulder beetle (almost dead, rolling)
The roots erupt in riotous growth!
Roots grab the boulder beetle.
The wraith is unaffected.
The grasping roots constrict the boulder beetle.
The roots release their grip on the boulder beetle.
The wraith hits you but does no damage. The boulder beetle hits you!!
* * * LOW HITPOINT WARNING * * *
The boulder beetle stops rolling and uncurls.
The wraith hits you.
* * * LOW HITPOINT WARNING * * *
The boulder beetle waves its antennae.
The boulder beetle bites you!
You die...
Your body disappears without a glow.

#..........#....+
#..........#....#
#...>......#....#
#..........'....#
#...####..####..#
#...####..#######
#......#.....#
#....W.#.....#
#..°B@.'.....#
#......#.....#
##############


You could see a boulder beetle and a wraith.

Vanquished Creatures
  Gastronok (D:8)
  A hydra (D:8)
  3 hornets
  2 dream sheep (D:8)
  A wraith (D:11)
  4 yaks (D:10)
  2 steam dragons
  3 wyverns
  A basilisk (D:11)
  Menkaure (D:5)
  An acid dragon (D:6)
  A water moccasin (D:6)
  3 orc warriors
  Pargi (Sewer)
  3 ice beasts
  2 ogres
  3 black bears
  A centaur (D:9)
  A phantom (D:5)
  5 kobold brigands
  7 bullfrogs
  A necrophage (D:5)
  3 scorpions
  3 wights (D:9)
  6 killer bees
  An electric eel (D:9)
  5 howler monkeys
  2 jellies
  5 hounds
  5 orc priests
  5 iguanas
  12 orc wizards
  4 gnolls (D:6)
  8 adders
  A white imp (D:5)
  3 worms
  6 dart slugs
  27 orcs
  3 endoplasms
  3 giant cockroaches
  11 goblins
  7 hobgoblins
  20 kobolds
  9 quokkas
  5 ball pythons
  3 bats
  4 frilled lizards
  5 rats
214 creatures vanquished.

Vanquished Creatures (collateral kills)
  Maggie (D:9)
1 creature vanquished.

Vanquished Creatures (others)
  13 plants
13 creatures vanquished.

Grand Total: 228 creatures vanquished

Notes
Turn   | Place    | Note
-------+----------+-------------------------------------------
     0 | D:1      | greenreed the Minotaur Fighter began the quest for the Orb.
     0 | D:1      | Reached XP level 1. HP: 19/19 MP: 0/0
   122 | D:1      | Found a faded altar of an unknown god.
   182 | D:1      | Reached XP level 2. HP: 27/27 MP: 1/1
   639 | D:1      | Found Keogiytt's Armour Shoppe.
  1092 | D:2      | Reached XP level 3. HP: 33/33 MP: 2/2
  1189 | D:2      | Reached skill level 3 in Maces & Flails
  1810 | D:3      | Reached XP level 4. HP: 35/40 MP: 3/3
  2368 | D:2      | Reached skill level 4 in Maces & Flails
  2512 | D:3      | Reached skill level 1 in Dodging
  2672 | D:3      | Reached XP level 5. HP: 45/47 MP: 4/4
  2896 | D:3      | Found a runed translucent door.
  2897 | D:3      | Noticed Crazy Yiuf
  3085 | D:4      | Reached XP level 6. HP: 53/53 MP: 5/5
  3283 | D:3      | Reached skill level 5 in Maces & Flails
  3283 | D:3      | Reached skill level 5 in Armour
  3317 | D:4      | Reached skill level 5 in Fighting
  3751 | D:4      | Reached XP level 7. HP: 61/61 MP: 6/6
  4077 | D:4      | Found Kympopp's Lightly-Used Armoury.
  4087 | D:4      | Bought a -3 demon whip for 1 gold piece
  4107 | D:4      | Reached skill level 6 in Maces & Flails
  4362 | D:5      | Entered Level 5 of the Dungeon
  4424 | D:5      | Reached skill level 5 in Shields
  4590 | D:5      | Noticed Menkaure
  4598 | D:5      | Killed Menkaure
  4634 | D:5      | Reached skill level 7 in Maces & Flails
  4634 | D:5      | Reached XP level 8. HP: 62/69 MP: 7/7
  4846 | D:5      | Found a glowing drain.
  4852 | Sewer    | Entered a sewer
  4869 | Sewer    | Noticed Pargi
  4880 | Sewer    | Killed Pargi
  5651 | D:6      | Reached skill level 8 in Maces & Flails
  6428 | D:6      | Reached skill level 9 in Maces & Flails
  6782 | D:6      | Found Eramoz's CLEARANCE SALE!.
  6790 | D:6      | Reached XP level 9. HP: 69/78 MP: 8/8
  6791 | D:6      | Bought a scroll of identify for 10 gold pieces
  6791 | D:6      | Bought a scroll of identify for 10 gold pieces
  7385 | D:7      | Found a staircase to the Ecumenical Temple.
  7405 | D:7      | Reached skill level 1 in Stealth
  7794 | D:7      | Reached skill level 1 in Throwing
  8015 | Temple   | Entered the Ecumenical Temple
  8247 | Temple   | Became a worshipper of Nemelex Xobeh the Trickster
  8517 | D:7      | Learned a level 3 spell: Dazzling Flash
  8553 | D:7      | Found a hazy altar of Hepliaklqana.
  8565 | D:7      | Reached skill level 10 in Maces & Flails
  8694 | D:7      | Found a broken altar of Ashenzari.
  9017 | D:1      | Bought a +1 kite shield of reflection for 175 gold pieces
  9377 | D:8      | Noticed Gastronok
  9397 | D:8      | Killed Gastronok
  9398 | D:8      | Reached XP level 10. HP: 51/88 MP: 8/10
  9666 | D:8      | Found Ityawa's Antique Armour Shoppe.
  9765 | D:8      | Reached skill level 11 in Maces & Flails
  9890 | D:8      | Noticed a two-headed hydra
  9898 | D:8      | Killed a two-headed hydra
 10135 | D:8      | Reached * piety under Nemelex Xobeh
 10220 | D:9      | Received a gift from Nemelex Xobeh
 10529 | D:9      | Found a white marble altar of Elyvilon.
 10593 | D:9      | Noticed Maggie
 10871 | D:9      | Reached skill level 12 in Maces & Flails
 10871 | D:9      | Found a glowing golden altar of the Shining One.
 11188 | D:9      | Got the Grimoire of the Transmuted Welkin
 11231 | D:9      | Reached skill level 5 in Dodging
 11267 | D:9      | Found a blossoming altar of Fedhas.
 11329 | D:9      | Found a shadowy altar of Dithmenos.
 11471 | D:9      | Killed Maggie
 12093 | D:10     | Entered Level 10 of the Dungeon
 12093 | D:10     | Reached ** piety under Nemelex Xobeh
 12158 | D:10     | Reached XP level 11. HP: 88/97 MP: 13/13
 12309 | D:10     | Found a staircase to the Orcish Mines.
 12996 | D:10     | Reached skill level 5 in Invocations
 13235 | D:11     | Reached *** piety under Nemelex Xobeh
 13336 | D:11     | Noticed a boulder beetle
 13381 | D:11     | HP: 1/97 [wraith (4)]
 13381 | D:11     | Mangled by a boulder beetle

Illustrated notes

Levels and vault maps discovered:
D:1:      psy_arrival_statuary, layout_loops_ring, serial_shops,
          nicolae_lakefront_shop, ebering_ecumenical_altar_petrified,
          lemuel_flame_loot_1
D:2:      layout_loops_ring
D:3:      layout_rooms, uniq_crazy_yiuf_cottage
D:4:      layout_cave_pods, minmay_shop_damaged
D:5:      layout_basic, gup_sewer_entry_bubbles, uniq_menkaure
D:6:      layout_basic, nicolae_shop_clearance
D:7:      layout_basic, mainiacjoe_overflow_catch_the_wave, temple_pool_b
D:8:      layout_cave_pools, serial_shops, nicolae_shop_trees, hangedman_ranch,
          uniq_gastronok
D:9:      layout_basic, nicolae_elyvilon_temple_path,
          nicolae_dithmenos_the_darkroom, mainiacjoe_overflow_alcove_1,
          mainiacjoe_overflow_surrounded_room, uniq_maggie
D:10:     layout_big_octagon, orc_0_dummy, kennysheep_generic_room_10
D:11:     layout_gridville, lair_entry_dummy, portal_ice_cave_entry_pillars_1
Temple:   regret_index_temple_sphere_string

Skill      XL: |  1  2  3  4  5  6  7  8  9 10 11 |
---------------+----------------------------------+-----
Fighting       | 4 5 6 8 9 |  9.3
Shields        | 4 5 6 7 |  7.7
Armour         | 4 5 6 8 9 |  9.2
Maces & Flails | 3 4 5 7 9 10 12 | 12.7
Dodging        | 1 2 3 4 5 |  5.4
Stealth        | 1 |  1.1
Throwing       | 1 |  1.3
Invocations    | 2 4 5 |  5.0

Action                   |  1- 3 |  4- 6 |  7- 9 | 10-12 || total
-------------------------+-------+-------+-------+-------++-------
Melee: Flail             |    88 |   129 |    10 |       ||   227
       Headbutt          |    11 |    16 |    63 |    59 ||   149
       Demon whip        |       |       |   400 |   291 ||   691
Throw: Dart              |       |     1 |     8 |     7 ||    16
Invok: Draw Escape       |       |       |       |     1 ||     1
       Draw Destruction  |       |       |       |     1 ||     1
       Draw Summoning    |       |       |       |     1 ||     1
Evoke: Wand              |       |       |       |    11 ||    11
  Use: Potion            |       |     1 |       |     1 ||     2
       Scroll            |       |       |     7 |     6 ||    13
 Stab: Sleeping          |       |       |     1 |       ||     1
Armor: Scale mail        |    45 |    76 |    86 |       ||   207
       Acid dragon scale |       |       |    31 |    45 ||    76
       Swamp dragon scal |       |       |       |    22 ||    22
Dodge: Dodged            |    42 |    52 |   115 |    56 ||   265
       Repelled          |       |       |       |     2 ||     2
Block: Buckler           |    26 |    28 |    55 |       ||   109
       Kite shield       |       |       |     1 |    83 ||    84
       Reflection        |       |       |       |     1 ||     1

Table legend: (Time is in decaauts)
 A = Elapsed time spent in this place.
 B = Non-inter-level travel time spent in this place.
 C = Inter-level travel time spent in this place.
 D = Time resting spent in this place.
 E = Time spent auto-exploring this place.
 F = Levels seen in this place.
 G = Mean time per level.
                   A        B        C        D        E       F      G
               +--------+--------+--------+--------+--------+-----+--------+
         Total |  13277 |  12339 |    938 |   1240 |   8840 |  13 | 1021.3 |
       Dungeon |  12785 |  11900 |    885 |   1240 |   8465 |  11 | 1162.3 |
        Temple |    278 |    225 |     53 |      0 |    198 |   1 |  278.0 |
         Sewer |    213 |    213 |      0 |      0 |    177 |   1 |  213.0 |
               +--------+--------+--------+--------+--------+-----+--------+

Top non-repeatable levels by time:
     D:9: 1833 daAuts
     D:6: 1796 daAuts
     D:4: 1279 daAuts
     D:5: 1247 daAuts
     D:2: 1209 daAuts
     D:1: 1161 daAuts
     D:7: 1065 daAuts
    D:10: 1044 daAuts
     D:3: 995 daAuts
     D:8: 940 daAuts
  Temple: 278 daAuts
   Sewer: 213 daAuts
    D:11: 212 daAuts
